 Dungeon Crawl Stone Soup version 0.23.0-3-gf3c87f2 (webtiles) character file.

Game seed: 3031451872621411763

287 misha the Poker (level 6, -1/44 HPs)
             Began as a Merfolk Gladiator on Feb 23, 2019.
             Slain by an ogre
             ... wielding a +0 giant club
              (14 damage)
             ... on level 4 of the Dungeon.
             The game lasted 00:14:24 (4142 turns).

misha the Poker (Merfolk Gladiator)                 Turns: 4142, Time: 00:14:25

Health: -1/44      AC: 12    Str: 16    XL:     6   Next: 30%
Magic:  6/6        EV:  8    Int:  8    God:
Gold:   182        SH:  0    Dex: 15    Spells: 5/5 levels left

rFire    . . .     SeeInvis .   b - +0 whip (elec)
rCold    . . .     Gourm    .   (no shield)
rNeg     . . .     Faith    .   j - +2 chain mail {MR+}
rPois    .         Spirit   .   c - +0 helmet
rElec    .         Reflect  .   (no cloak)
rCorr    .         Harm     .   o - +0 pair of gloves
MR       +....                  (no boots)
Stlth    ..........             (no amulet)
HPRegen  0.14/turn              (no ring)
MPRegen  0.10/turn              (no ring)

@: no status effects
A: change form in water, swift swim, stealthy swim
a: no special abilities


You were on level 4 of the Dungeon.
You were not hungry.

You visited 1 branch of the dungeon, and saw 4 of its levels.

You collected 182 gold pieces.

Inventory:

Hand Weapons
 a - a +0 trident
 b - a +0 whip of electrocution (weapon)
 t - a +3 short sword of venom
Missiles
 d - 3 throwing nets (quivered)
 k - 2 needles of paralysis
 m - 78 stones
 q - 59 bolts
 r - 26 arrows
 u - 36 sling bullets
Armour
 c - a +0 helmet (worn)
 h - a +0 leather armour
 j - a +2 chain mail of magic resistance (worn)
 o - a +0 pair of gloves (worn)
Magical Staves
 z - an uncursed staff of death {unknown}
Jewellery
 x - an uncursed ring of positive energy {unknown}
 C - an uncursed ring of positive energy {unknown}
Scrolls
 e - 2 scrolls of identify
 l - a scroll of random uselessness
 y - a scroll of amnesia {unknown}
 A - a scroll of blinking {unknown}
Potions
 n - a potion of might {unknown}
 p - 2 potions of brilliance {unknown}
 s - a potion of invisibility {unknown}
 v - a potion of curing {unknown}
 w - a potion of resistance {unknown}
 B - a potion of lignification {unknown}
Comestibles
 f - 6 rations


   Skills:
 - Level 2.3 Fighting
 + Level 2.2 Maces & Flails
 + Level 7.0 Polearms
 + Level 3.6 Throwing
 - Level 0.5 Armour
 - Level 4.4 Dodging


You had 5 spell levels left.
You didn't know any spells.
Your spell library was empty.

Dungeon Overview and Level Annotations

Branches:
Dungeon (4/15)
 Temple: D:4-7

Altars:
Zin

Annotations:
D:4 Blork the orc, Grinder


Message History

Grinder blinks!
The ball python bites you but does no damage.
The ball python grabs you. The ball python constricts you.
You escape the ball python's grasp.
Grinder blinks!
Grinder zaps a wand.
The puff of flame misses you.
Grinder blinks!
Grinder says, "Wait up."
Grinder zaps a wand.
The puff of flame hits you but does no damage.
Found an escape hatch in the ceiling.
You hit Grinder.
Grinder is lightly wounded.
The ball python bites you but does no damage.
The ball python closely misses you.
Grinder zaps a wand.
The puff of flame hits you.
* * * LOW HITPOINT WARNING * * *
The ogre barely misses you. The ball python closely misses you.
The ball python barely misses you. Grinder hits you but does no damage.
The ogre hits you with a +0 giant club!
You die...

.## ..# ............ #.#
##........... ##.#
...........$ ##..<
###.........$ ...#
#............
#.####.......ยง....
#######@O....{..........
#.....5.S...............
..#####....#............
#....#............
#....#............
#....##...........
#....###..........
###### ###........
#...โ‰ˆโ‰ˆโ‰ˆ..


You could see Grinder, an ogre and a ball python.

Vanquished Creatures
  3 orc priests
  Robin (D:2)
  5 gnolls (D:1)
  3 adders
  5 worms
  3 dart slugs
  3 leopard geckos
  8 orcs
  2 giant cockroaches
  13 hobgoblins
  2 jackals (D:2)
  2 quokkas
  A ball python (D:1)
  10 bats
  7 frilled lizards
  12 goblins
  3 kobolds
  8 rats
91 creatures vanquished.

Notes
Turn   | Place    | Note
-------+----------+-------------------------------------------
     0 | D:1      | misha the Merfolk Gladiator began the quest for the Orb.
     0 | D:1      | Reached XP level 1. HP: 16/16 MP: 1/1
     1 | D:1      | Noticed a minotaur zombie
    20 | D:1      | Noticed a minotaur zombie
   342 | D:1      | Reached XP level 2. HP: 22/22 MP: 2/2
   435 | D:1      | Reached skill level 5 in Polearms
   543 | D:1      | Reached XP level 3. HP: 25/27 MP: 3/3
  1597 | D:2      | Reached XP level 4. HP: 28/33 MP: 4/4
  1605 | D:2      | Reached skill level 1 in Maces & Flails
  1858 | D:2      | Reached skill level 6 in Polearms
  2108 | D:2      | Reached XP level 5. HP: 38/38 MP: 5/5
  2456 | D:2      | Noticed Robin
  2467 | D:2      | Killed Robin
  3394 | D:3      | Found a glowing silver altar of Zin.
  3643 | D:3      | Reached XP level 6. HP: 8/44 MP: 6/6
  3958 | D:3      | Reached skill level 7 in Polearms
  4115 | D:4      | Noticed a phantom
  4121 | D:4      | Noticed Blork the orc
  4121 | D:4      | Noticed Grinder
  4142 | D:4      | Slain by an ogre

Skill      XL: |  1  2  3  4  5  6 |
---------------+-------------------+-----
Polearms       | 5 6 7 |  7.0
Maces & Flails | 1 2 |  2.2
Throwing       | 3 |  3.6
Fighting       | |  2.3
Armour         | |  0.5
Dodging        | |  4.4

Action                   |  1- 3 |  4- 6 || total
-------------------------+-------+-------++-------
Melee: Trident           |    91 |    95 ||   186
       Whip              |    57 |   113 ||   170
       Tailslap          |     1 |       ||     1
       Unarmed           |       |     2 ||     2
Throw: Throwing net      |       |     2 ||     2
  Use: Scroll            |       |     5 ||     5
 Stab: Sleeping          |     1 |       ||     1
  Eat: Chunk             |     2 |     7 ||     9
       Ration            |       |     1 ||     1
Armor: Leather armour    |    19 |       ||    19
       Chain mail        |    26 |   145 ||   171
Dodge: Dodged            |    76 |    87 ||   163
